 Seeded DCSS version 0.29.1-15-g9cfb28693d (webtiles) character file.

Game seed: 16245865983455551772 (custom seed)

4 Atreus the Trooper (level 1, 12/19 HPs)
             Began as a Palentonga Berserker on Mar 6, 2023.
             Was a Follower of Trog.
             Quit the game on level 1 of the Dungeon.
             The game lasted 00:00:40 (65 turns).

Atreus the Trooper (Palentonga Berserker)             Turns: 65, Time: 00:00:41

Health: 12/19      AC:  4    Str: 22    XL:     1   Next: 50%
Magic:  1/1        EV:  9    Int:  7    God:    Trog [*.....]
Gold:   333        SH:  0    Dex:  9    Spells: 0/0 levels left

rFire   . . .      SeeInvis +   a - +0 hand axe
rCold   . . .      Faith    .   (no shield)
rNeg    . . .      Spirit   .   b - +0 animal skin
rPois   .          Reflect  .   (no helmet)
rElec   .          Harm     .   (no cloak)
rCorr   .          Rampage  .   (no gloves)
Will    .....                   (no barding)
Stlth   +.........              (no amulet)
HPRegen 0.06/turn               (no ring)
MPRegen 0.07/turn               (no ring)

@: no status effects
A: large, rugged brown scales 3, see invisible, deformed body, roll 1, armoured
tail
a: Rolling Charge, Renounce Religion, Berserk


You were on level 1 of the Dungeon.
You worshipped Trog.
Trog was aware of your devotion.
You visited 1 branch of the dungeon, and saw 1 of its levels.

You collected 333 gold pieces.

Inventory:

Hand Weapons
 a - a +0 hand axe (weapon)
Armour
 b - a +0 animal skin (worn)
Jewellery
 d - the amulet of Xuanedd {Spirit Fly rN+ Will+ Str+3}
   (You acquired it on level 1 of the Dungeon)

   [amulet of guardian spirit]

   It causes incoming damage to be divided between your reserves of health and
   magic.
   Str:       It affects your strength (+3).
   rN:        It protects you from negative energy.
   Fly:       It grants you flight.
   Will:      It increases your willpower.
Scrolls
 c - a scroll of acquirement


   Skills:
 + Level 3.1 Fighting
 + Level 3.1 Axes
 + Level 1.6 Armour
 + Level 1.6 Dodging


You couldn't memorise any spells.
You didn't know any spells.
Your spell library was empty.

Dungeon Overview and Level Annotations

Branches:
Dungeon (1/15)

Altars:


Innate Abilities, Weirdness & Mutations

You are completely covered in rugged brown scales. (AC +3, +7% HP)
You have supernaturally acute eyesight. (SInv)
Armour fits poorly on your strangely shaped body.
You can roll at nearby foes to attack.
You have a long armoured tail.


Message History

Roll where?
Press: ? - help, Q - select action Dir - move target, f - goblin
Aim: a goblin, wielding a +0 dagger You roll forward with a clatter of scales!
Found 6 stones.
You slash the goblin!
You kill the goblin!
Trog accepts your kill.
The quokka bites you but does no damage.
Unknown command.
You hit the quokka.
The quokka is heavily wounded.
The quokka twitches its whiskers.
The quokka bites you.
You closely miss the quokka.
The quokka is heavily wounded.
The quokka barely misses you. The quokka bites you.
You miss the quokka.
The quokka is heavily wounded.
The quokka bites you but does no damage.
You hit the quokka.
You kill the quokka!
Trog accepts your kill.
You see here a +0 dagger.
Found 3 scrolls labelled WAC GOIFOFITOUPLEC.
An endoplasm comes into view.
The endoplasm quivers.
You see here 3 scrolls labelled WAC GOIFOFITOUPLEC.
c - 3 scrolls labelled WAC GOIFOFITOUPLEC The endoplasm freezes you.
You are frozen.
You hit the endoplasm but do no damage. You tail-slap the endoplasm.
You kill the endoplasm!
Trog accepts your kill.
This is a scroll of acquirement!
Something appears at your feet!
You now have 333 gold pieces.
Something appears at your feet!
d - the amulet of Xuanedd {Spirit Fly rN+ Will+ Str+3} Are you sure you want to abandon this character and quit the game? (Confirm with "yes".)

### #.. # #.# .# #
#.######..###
###.##.#..........
.........#@.#.....
##.##...#..# ...
#...###.# #
#...#(#..
#..##.##.#
#..#...#.. ...
##.##...##.## ...
#..#.....#..#....
#..#...).#..#...


There were no monsters in sight!

Vanquished Creatures
  An endoplasm (D:1)
  A goblin (D:1)
  A quokka (D:1)
3 creatures vanquished.

Notes
Turn   | Place    | Note
-------+----------+-------------------------------------------
     0 | D:1      | Atreus the Palentonga Berserker began the quest for the
                  | Orb.
     0 | D:1      | Reached XP level 1. HP: 19/19 MP: 1/1
    61 | D:1      | Identified 3 scrolls of acquirement
    61 | D:1      | Acquired 333 gold pieces
    63 | D:1      | Acquired the amulet of Xuanedd {Spirit Fly rN+ Will+ Str+3}
    65 | D:1      | Quit the game

Illustrated notes

Levels and vault maps discovered:
D:1:      minmay_arrival_hallway, layout_loops_corners, basic_ecumenical_altar,
          minmay_unequal

Action                   || total
-------------------------++-------
Melee: Hand axe          ||     6
       Tailslap          ||     1
 Abil: Rolling Charge    ||     1
  Use: Scroll            ||     2
Armor: Animal skin       ||     2
Dodge: Dodged            ||     1
